AoeStats
← Gravlax

Migration

505086097Analyzed
1v1 RM · 25d ago on Sep 7, 2026· 72m 11s· 2 players
Game mode
Random Map
Map size
132×132
Population
200
Speed
Normal
Resources
Standard
Victory
Conquest
Starting age
Dark Age
Ending age
Imperial Age
RankedLock teamsTeams togetherTeam positionsShared explorationLock speedFull tech treeHidden civsTurbo modeCheats
Victory
Defeat
🇮🇹 Teutons · Italy
788
+17
🇨🇦 Magyars · Canada
815
-17
Gravlax
7:01 Loom
11:35 Feudal Age
14:05 Double-Bit Axe
20:12 Castle Age
19:03 Horse Collar
25:20 Crossbowman
29:30 Ballistics
30:00 Fletching
31:29 Wheelbarrow
34:45 Imperial Age
32:30 Scale Barding Armor
36:32 Chemistry
35:16 Cavalier
47:31 Bow Saw
48:52 Medium Warships
54:24 Bodkin Arrow
55:20 Heavy Warships
58:37 Hand Cart
60:45 Bracer
64:21 Stone Mining
64:21 Gold Mining
TheJoin
11:24 Feudal Age
16:59 Bloodlines
18:07 Loom
21:32 Castle Age
20:05 Double-Bit Axe
22:09 Pikeman
22:53 Gold Mining
22:55 Stone Mining
22:59 Arson
24:47 Bow Saw
25:21 Crossbowman
33:05 Imperial Age
32:46 Scale Barding Armor
32:53 Forging
32:43 Scale Mail Armor
32:35 Fletching
32:45 Padded Archer Armor
34:14 Conscription
34:21 Capped Ram
35:20 Halberdier
41:25 Medium Warships
42:21 Chemistry
42:04 Crenellations
41:08 Cavalier
46:49 Heavy Warships
47:31 Siphons
47:39 Clinker Construction
47:41 Careening
47:35 Demolition Ship
49:28 Heavy Demolition Ship
53:49 Bodkin Arrow
53:56 Padded Archer Armor
54:48 Elite Teutonic Knight
72:24 Careening
72:35 Carvel Hull
Connection lost

Rejoining the realm…

Still unreachable

The connection could not be restored.

Session expired

The server has moved on; the page needs a fresh start.